 Dungeon Crawl Stone Soup version 0.25.1-2-g60ff931df9 (webtiles) character file.

Game seed: 9551920997601439497

2508 Cazemata the Cleaver (level 9, -4/70 HPs)
             Began as a Minotaur Berserker on Nov 17, 2020.
             Was an Elder of Trog.
             Slain by a two-headed ogre
             ... wielding a +0 dire flail
              (20 damage)
             ... on level 8 of the Dungeon.
             The game lasted 00:34:57 (7268 turns).

Cazemata the Cleaver (Minotaur Berserker)           Turns: 7268, Time: 00:34:57

Health: -4/70      AC: 11    Str: 23    XL:     9   Next: 28%
Magic:  8/8        EV: 12    Int:  5    God:    Trog [****..]
Gold:   415        SH:  0    Dex: 11    Spells: 8/8 levels left

rFire    . . .     SeeInvis .   a - +0 hand axe
rCold    . . .     Gourm    .   (no shield)
rNeg     . . .     Faith    .   g - +0 leather armour
rPois    +         Spirit   .   (helmet restricted)
rElec    .         Reflect  .   o - +2 cloak {rPois}
rCorr    +         Harm     .   E - +0 pair of gloves
MR       .....                  (no boots)
Stlth    +.........             (no amulet)
HPRegen  0.21/turn              n - +4 ring of protection
MPRegen  0.11/turn              r - ring of resist corrosion

@: about to teleport
A: retaliatory headbutt, horns 2
a: Berserk, Trog's Hand, Brothers in Arms, Renounce Religion


You were on level 8 of the Dungeon.
You worshipped Trog.
Trog was greatly pleased with you.
You were hungry.

You visited 2 branches of the dungeon, and saw 9 of its levels.

You collected 415 gold pieces.

Inventory:

Hand Weapons
 a - a +0 hand axe (weapon)
 y - a +0 broad axe
Missiles
 i - 5 silver javelins (quivered)
 p - 17 curare-tipped darts
 w - 36 poisoned darts
Armour
 b - a +0 animal skin
 f - a +1 robe of magic resistance
 g - a +0 leather armour (worn)
 o - a +2 cloak of poison resistance (worn)
 C - a +0 kite shield
 E - a +0 pair of gloves (worn)
Jewellery
 n - a +4 ring of protection (left hand)
 r - a ring of resist corrosion (right hand)
 x - an uncursed amulet of magic regeneration {unknown}
 z - an uncursed ring of see invisible {unknown}
 B - a cursed amulet of inaccuracy {unknown}
Scrolls
 e - 4 scrolls of remove curse
 s - a scroll of enchant armour {unknown}
 A - a scroll of teleportation
 D - a scroll of vulnerability {unknown}
 F - a scroll of enchant weapon {unknown}
Potions
 d - 3 potions of haste {unknown}
 h - 3 potions of cancellation {unknown}
 j - a potion of curing {unknown}
 k - 7 potions of brilliance {unknown}
 l - a potion of flight {unknown}
 m - 2 potions of heal wounds
 q - a potion of might {unknown}
 t - 3 potions of degeneration {unknown}
 u - a potion of magic {unknown}
 v - a potion of mutation {unknown}
 G - a potion of resistance {unknown}
Comestibles
 c - 8 rations


   Skills:
 - Level 3.6 Fighting
 * Level 14.6 Axes
 - Level 2.4 Armour
 - Level 2.1 Dodging


You had 8 spell levels left.
You didn't know any spells.
Your spell library was empty.

Dungeon Overview and Level Annotations

Branches:
Dungeon (8/15)             Temple (1/1) D:5
   Lair: D:8-11

Altars:
Ashenzari
Cheibriados
Dithmenos
Elyvilon
Fedhas
Gozag
Hepliaklqana
Kikubaaqudgha
Makhleb
Nemelex Xobeh
Okawaru
Qazlal
Ru
Sif Muna
Trog
Uskayaw
Vehumet
Wu Jian
Xom
Yredelemnul
Zin
The Shining One

Shops:
D:6 [


Innate Abilities, Weirdness & Mutations

You reflexively headbutt those who attack you in melee.
You have a pair of horns on your head.


Message History

You throw a silver javelin.
The silver javelin closely misses the bullfrog.
The silver javelin pierces through the two-headed ogre!
The two-headed ogre is moderately wounded.
The silver javelin closely misses the adder skeleton.
The bullfrog hits you.
The bullfrog hits you but does no damage.
You barely miss the two-headed ogre.
The two-headed ogre is moderately wounded.
Okay, then.
You slash the two-headed ogre!
The two-headed ogre is moderately wounded.
The two-headed ogre hits you but does no damage.
The two-headed ogre hits you with a +0 giant spiked club!
As you read the scroll of teleportation, it crumbles to dust.
You feel strangely unstable.
The two-headed ogre hits you with a +0 dire flail!!
* * * LOW HITPOINT WARNING * * *
The two-headed ogre hits you with a +0 giant spiked club!!
You die...

?.F ..% ######
...####....#
...........# #######
...........# #.....#
##.........# #.....#
#.........# #.....#
######....####.....#
+(.†.'.ZFO@...#
#....####.....#
#....# #.....######
#....# #...........
#....# #.......##
###### ###.....#
#.....# ##..(.#
#....#


You could see a two-headed ogre, a bullfrog and an adder skeleton.

Vanquished Creatures
  Prince Ribbit (D:8)
  Grum (D:8)
  A sky beast (D:5)
  2 ice beasts (D:8)
  An ogre (D:8)
  A phantom (D:6)
  2 wolves (D:8)
  2 centaurs
  3 bullfrogs
  2 scorpions
  5 howler monkeys
  A quasit (D:6)
  A bullfrog zombie (D:6)
  A centaur zombie (D:5)
  A gnoll shaman (D:5)
  Crazy Yiuf (D:2)
  3 crimson imps
  5 hounds
  2 bullfrog skeletons
  An orc wizard (D:6)
  Natasha (thrice) (D:3)
  4 iguanas
  2 hound skeletons
  A worker ant zombie (D:5)
  4 gnolls (D:5)
  6 adders
  4 oozes
  An adder zombie (D:6)
  5 worms
  A dart slug (D:3)
  3 leopard geckos
  12 orcs
  A ball python (D:3)
  15 bats
  3 giant cockroaches
  12 goblins
  11 hobgoblins
  2 jackals (D:6)
  6 kobolds
  4 quokkas
  5 frilled lizards
  3 rats
145 creatures vanquished.

Notes
Turn   | Place    | Note
-------+----------+-------------------------------------------
     0 | D:1      | Cazemata the Minotaur Berserker began the quest for the
                  | Orb.
     0 | D:1      | Reached XP level 1. HP: 19/19 MP: 0/0
    40 | D:1      | Reached skill level 4 in Axes
    74 | D:1      | Reached XP level 2. HP: 12/26 MP: 1/1
   464 | D:1      | Reached skill level 5 in Axes
   733 | D:2      | Found a basalt altar of Yredelemnul.
   737 | D:2      | Reached XP level 3. HP: 31/31 MP: 2/2
   819 | D:2      | Noticed a bullfrog
   825 | D:2      | Killed a bullfrog
   825 | D:2      | Reached ** piety under Trog
   825 | D:2      | Reached skill level 6 in Axes
   825 | D:2      | Reached XP level 4. HP: 34/39 MP: 3/3
  1214 | D:2      | Reached skill level 7 in Axes
  1214 | D:2      | Reached XP level 5. HP: 17/45 MP: 4/4
  1553 | D:2      | Found a runed translucent door.
  1554 | D:2      | Noticed Crazy Yiuf
  1565 | D:2      | Killed Crazy Yiuf
  1754 | D:3      | Found an opulent altar of Gozag.
  2040 | D:3      | Found an opulent altar of Gozag.
  2118 | D:3      | You fall into a shaft and drop 3 floors!
  2123 | D:5      | Entered Level 5 of the Dungeon
  2168 | D:5      | Reached skill level 8 in Axes
  2171 | D:5      | Reached XP level 6. HP: 43/51 MP: 5/5
  2233 | D:5      | Reached *** piety under Trog
  2348 | D:5      | Reached skill level 9 in Axes
  2667 | D:4      | Reached XP level 7. HP: 55/57 MP: 6/6
  3310 | D:4      | Found a blossoming altar of Fedhas.
  3527 | D:3      | Found an iron altar of Okawaru.
  3529 | D:3      | Found a shimmering blue altar of Sif Muna.
  3529 | D:3      | Found a shadowy altar of Dithmenos.
  3529 | D:3      | Found a glowing golden altar of the Shining One.
  3530 | D:3      | Found a shattered altar of Ashenzari.
  3531 | D:3      | Found a bloodstained altar of Trog.
  3533 | D:3      | Found a snail-covered altar of Cheibriados.
  3642 | D:3      | Noticed Natasha
  3650 | D:3      | Killed Natasha
  3920 | D:3      | Noticed Natasha
  3926 | D:3      | Killed Natasha
  3926 | D:3      | Reached skill level 10 in Axes
  4004 | D:3      | Noticed Natasha
  4012 | D:3      | Killed Natasha
  4170 | D:5      | Reached skill level 11 in Axes
  4393 | D:5      | Found a staircase to the Ecumenical Temple.
  4405 | Temple   | Entered the Ecumenical Temple
  4915 | D:6      | Found Beapohurai's Antique Armour Shop.
  4918 | D:6      | Found a glowing golden altar of the Shining One.
  5002 | D:6      | Reached XP level 8. HP: 64/64 MP: 7/7
  5026 | D:6      | Reached **** piety under Trog
  5300 | D:6      | Reached skill level 12 in Axes
  6094 | D:7      | Reached skill level 13 in Axes
  6671 | D:7      | Found a white marble altar of Elyvilon.
  6980 | D:8      | Noticed Grum
  6988 | D:8      | Reached XP level 9. HP: 37/70 MP: 8/8
  6990 | D:8      | Reached skill level 14 in Axes
  6999 | D:8      | Killed Grum
  7215 | D:8      | Noticed Prince Ribbit
  7224 | D:8      | Killed Prince Ribbit
  7247 | D:8      | Noticed a two-headed ogre
  7268 | D:8      | Slain by a two-headed ogre

Illustrated notes

Levels and vault maps discovered:
D:1:      zaba_arrival_water, layout_rooms
D:2:      layout_rooms, yredelemnul_altar_generic, first_ration,
          corner_web_ring, uniq_crazy_yiuf_cottage
D:3:      layout_basic, minitemple, hangedman_decor_push,
          nicolae_gozag_cash_rules_everything_around_me, uniq_natasha
D:4:      layout_loops_corners, fedhas_altar_4
D:5:      corexii_shack_village, layout_layer_cave,
          minmay_temple_entry_glassed_door
D:6:      layout_cave_pools, serial_shops, nicolae_shop_stone, basic_altar,
          minmay_misc_feat_x
D:7:      layout_basic, basic_altar
D:8:      layout_basic, uniq_prince_ribbit1, uniq_grum, uniq_pikel
Temple:   dshaligram_water_room_temple

Skill      XL: |  1  2  3  4  5  6  7  8  9 |
---------------+----------------------------+-----
Axes           | 4 5 6 7 8 9 11 13 14 | 14.6
Fighting       | |  3.6
Armour         | |  2.4
Dodging        | |  2.1

Action                   |  1- 3 |  4- 6 |  7- 9 || total
-------------------------+-------+-------+-------++-------
Melee: Hand axe          |    57 |   147 |   257 ||   461
       Headbutt          |    11 |    31 |    51 ||    93
Throw: Javelin           |     1 |     3 |     1 ||     5
Invok: Trog's Hand       |       |       |     1 ||     1
  Use: Scroll            |     1 |     4 |     6 ||    11
 Stab: Invisible         |       |     1 |       ||     1
  Eat: Chunk             |       |     6 |     7 ||    13
       Ration            |       |       |     2 ||     2
Armor: Animal skin       |     6 |       |       ||     6
       Leather armour    |     3 |    38 |    80 ||   121
Dodge: Dodged            |    43 |    81 |   106 ||   230
